 Dungeon Crawl Stone Soup version 0.31-a0-466-g98c9adc2b6 (webtiles) character file.

Game seed: 11018966951457992245

1503 vanad92 the Thaumaturge (level 8, -3/41 HPs)
             Began as a Deep Elf Fire Elementalist on Aug 5, 2023.
             Was a Priest of Zin.
             Slain by a wight
             ... wielding a +0 scimitar
              (15 damage)
             ... on level 8 of the Dungeon.
             The game lasted 00:22:03 (5131 turns).

vanad92 the Thaumaturge (DEFE)                      Turns: 5131, Time: 00:22:04

Health: -3/41      AC:  4    Str:  5    XL:     8   Next: 52%
Magic:  9/22       EV: 14    Int: 23    God:    Zin [***...]
Gold:   224        SH:  0    Dex: 15    Spells: 17/23 levels left

rFire   . . .        d - +0 dagger
rCold   . . .        (no shield)
rNeg    . . .        a - +0 robe
rPois   .            (no helmet)
rElec   .            x - +0 cloak
rCorr   .            j - +0 pair of gloves
SInv    +            (no boots)
Will    .....        (no amulet)
Stlth   +++          n - ring of see invisible
HPRegen 0.26/turn    (no ring)
MPRegen 0.18/turn

%: no passive effects
@: slowed, very slow
A: no striking features
a: Renounce Religion, Recite, Vitalisation, Imprison, Donate Gold


You were on level 8 of the Dungeon.
You worshipped Zin.
Zin was most pleased with you.
You visited 1 branch of the dungeon, and saw 6 of its levels.

You collected 248 gold pieces.
You donated 24 gold pieces to Zin.

Inventory:

Hand Weapons
 c - a +0 mace
 d - a +0 dagger (weapon)
 k - the +2 whip "Zygh" {heavy, rF- rN+ Will+}
   (You found it on level 2 of the Dungeon)

   rF:        It makes you vulnerable to fire.
   rN:        It protects you from negative energy.
   Will:      It increases your willpower.
 u - a +0 rapier
Armour
 a - a +0 robe (worn)
 f - a +0 leather armour
 j - a +0 pair of gloves (worn)
 x - a +0 cloak (worn)
Jewellery
 n - a ring of see invisible (left hand)
Wands
 v - a wand of roots (9)
 w - a wand of light (13)
Scrolls
 e - a scroll of enchant weapon {unknown}
 h - 2 scrolls of revelation
 i - 2 scrolls of amnesia {unknown}
 p - 2 scrolls of identify {unknown}
 q - 2 scrolls of teleportation {unknown}
 r - a scroll of poison {unknown}
 t - a scroll of noise {unknown}
Potions
 b - 2 potions of magic
 g - a potion of berserk rage {unknown}
 l - a potion of might {unknown}
 m - a potion of curing {unknown}
 o - a potion of enlightenment {unknown}
 s - 3 potions of cancellation {unknown}
 z - a potion of heal wounds {unknown}


   Skills:
 - Level 5.0 Dodging
 + Level 4.7 Stealth
 - Level 8.0 Spellcasting
 - Level 4.0 Conjurations
 - Level 3.6 Translocations
 - Level 7.0 Fire Magic
 - Level 0.3 Ice Magic


You had 17 spell levels left.
You knew the following spells:

 Your Spells              Type           Power      Damage    Failure   Level
a - Foxfire               Conj/Fire      100%       2x1d9     1%          1
b - Scorch                Fire           82%        2d8       1%          2
c - Volatile Blastmotes   Fire/Tloc      66%        2d15      2%          3

Your spell library contained the following spells:

 Spells                   Type           Power      Damage    Failure   Level
 Inner Flame              Hex/Fire       25%        N/A       4%          3
 Flame Wave               Conj/Fire      34%        2d10      7%          4
 Sticky Flame             Conj/Fire      34%        2d5       7%          4
 Ignite Poison            Fire/Tmut/Pois 19%        N/A       9%          3
 Cigotuvi's Dreadful Rot  Necr/Pois/Air  18%        N/A       11%         2
 Freezing Cloud           Conj/Ice/Air   7%         6-21      71%         5


Dungeon Overview and Level Annotations

Branches:
Dungeon (5/15)
 Temple: D:4-7

Altars:
Elyvilon
Gozag
Makhleb
Ru
Sif Muna
Zin

Annotations:
D:2 Sigmund


Message History

The wight is no longer more vulnerable to fire.
The wight misses you.
Casting: Foxfire (safe; 1% risk of failure)
Confirm with . or Enter, or press ? or * to list all spells.
You conjure some foxfire!
The foxfire hits the wight!
You destroy the wight!
Zin accepts your kill.
The foxfire hits the hornet but does no damage.
Unknown command.
Casting: Foxfire (safe; 1% risk of failure)
Confirm with . or Enter, or press ? or * to list all spells.
Flames lash the hornet.
The hornet is moderately wounded.
The hornet's fire resistance burns away.
The foxfire hits the hornet but does no damage.
The hornet is moderately wounded.
The foxfire hits the hornet.
The hornet is burned terribly!
The hornet is moderately wounded.
The hornet stings you!
You feel yourself slow down. The hornet stings you!
You feel as though you will be slow longer.
Unknown command.
Casting: Scorch (safe; 1% risk of failure)
Confirm with . or Enter, or press ? or * to list all spells.
You conjure some foxfire!
The hornet barely misses you. The hornet closely misses you.
Unknown command.
Okay, then.
Unknown command.
Unknown command.
As you read the scroll labelled IMOUF PUIT, it crumbles to dust.
You feel aware of your surroundings.
It was a scroll of revelation.
The foxfire hits the hornet but does no damage.
The hornet is moderately wounded.
The foxfire hits the hornet.
The hornet is burned terribly!
The hornet is heavily wounded.
The hornet stings you.
* * * LOW HITPOINT WARNING * * *
You feel as though you will be slow longer.
The hornet closely misses you. The wight hits you with a +0 scimitar!
You die...

##### *.K..** **,,,,,,,,,,** #
*#...).########....,,,,,,** ##
##......#########...,,,,,,,**
.####...###.)########...,,,,,,,,,
...#...#*###).########..,,,,**,,,
#.....#* ####..########.,,,,,**,,
#.....# #####K.#######.,,,,,***,
##....# ######zy.#####.,,,,,,***
#.....## ######.@.......,,,,,,,,,
#..(...########.ยง.......,,,,,,,,,
...##...#######.........,,,,,,,,,
..#####..####...........,,,,,,,,,
.## ###.....######....,,,,,,,,, ##
############....,,,,,**** #
###########...#,,,,**
###########.###**,,* *,** *,,*


You could see a hornet (combustible), a wight and a kobold.

Vanquished Creatures
  Prince Ribbit (D:5)
  Grinder (D:3)
  A water moccasin (D:5)
  A sky beast (D:3)
  An ogre (D:3)
  A phantom (D:5)
  A kobold brigand (D:8)
  A scorpion (D:5)
  2 wights (D:8)
  A jelly (D:5)
  An orc priest (D:4)
  An iguana (D:5)
  Ijyb (D:5)
  Terence (D:3)
  A sleepcap (D:4)
  4 orc wizards
  9 adders
  7 gnolls (D:5)
  A white imp (D:5)
  An ufetubus (D:5)
  A dart slug (D:2)
  22 orcs
  7 endoplasms
  3 giant cockroaches
  3 hobgoblins
  3 jackals (D:2)
  2 quokkas
  7 ball pythons
  7 bats
  A frilled lizard (D:1)
  4 goblins
  6 kobolds
  6 rats
110 creatures vanquished.

Vanquished Creatures (others)
  239 foxfires
239 creatures vanquished.

Grand Total: 349 creatures vanquished

Notes
Turn   | Place    | Note
-------+----------+-------------------------------------------
     0 | D:1      | vanad92 the Deep Elf Fire Elementalist began the quest for
                  | the Orb.
     0 | D:1      | Reached XP level 1. HP: 10/10 MP: 6/6
   183 | D:1      | Found a faded altar of an unknown god.
   194 | D:1      | Prayed at the altar of an unknown god.
   194 | D:1      | Became a worshipper of Zin the Law-Giver
   194 | D:1      | Reached * piety under Zin
   306 | D:1      | Reached XP level 2. HP: 15/15 MP: 6/8
   309 | D:1      | Learned a level 2 spell: Scorch
   842 | D:2      | Identified the +2 whip "Zygh" {heavy, rF- rN+ Will+}
   992 | D:2      | Reached XP level 3. HP: 19/19 MP: 7/10
  1023 | D:2      | Reached skill level 4 in Spellcasting
  1027 | D:2      | Learned a level 3 spell: Volatile Blastmotes
  1122 | D:2      | Noticed Sigmund
  1326 | D:3      | Reached ** piety under Zin
  1400 | D:3      | Noticed an ogre
  1406 | D:3      | Killed an ogre
  1407 | D:3      | Reached XP level 4. HP: 24/24 MP: 4/12
  1500 | D:3      | Noticed Terence
  1512 | D:3      | Killed Terence
  1513 | D:3      | Reached XP level 5. HP: 21/28 MP: 3/13
  1623 | D:3      | Noticed a sky beast
  1833 | D:3      | Killed a sky beast
  1834 | D:3      | Reached skill level 5 in Spellcasting
  1834 | D:3      | Reached skill level 5 in Fire Magic
  1907 | D:3      | Reached XP level 6. HP: 32/32 MP: 13/15
  2045 | D:3      | Noticed Grinder
  2052 | D:3      | Killed Grinder
  2053 | D:3      | Reached skill level 6 in Spellcasting
  2513 | D:4      | Reached *** piety under Zin
  2731 | D:4      | Reached XP level 7. HP: 36/36 MP: 14/18
  3346 | D:4      | Found a sacrificial altar of Ru.
  3512 | D:5      | Entered Level 5 of the Dungeon
  3558 | D:5      | Found a white marble altar of Elyvilon.
  3558 | D:5      | Found a burning altar of Makhleb.
  3558 | D:5      | Found an opulent altar of Gozag.
  3559 | D:5      | Found a shimmering blue altar of Sif Muna.
  4001 | D:5      | Noticed Ijyb
  4008 | D:5      | Killed Ijyb
  4009 | D:5      | Reached skill level 5 in Dodging
  4584 | D:5      | Reached XP level 8. HP: 41/41 MP: 12/19
  4686 | D:5      | Noticed Prince Ribbit
  4694 | D:5      | Killed Prince Ribbit
  4695 | D:5      | Reached skill level 7 in Spellcasting
  4985 | D:5      | You fall into a shaft and drop 3 floors!
  5012 | D:8      | Reached skill level 8 in Spellcasting
  5059 | D:8      | Noticed a hornet
  5131 | D:8      | Slain by a wight

Illustrated notes

Levels and vault maps discovered:
D:1:      dpeg_arrival_pond, layout_basic, basic_ecumenical_altar
D:2:      layout_basic, uniq_sigmund
D:3:      layout_basic, uniq_grinder, uniq_terence
D:4:      layout_loops_corners, hangedman_ru_absence
D:5:      layout_basic, chequers_temple_overflow_statue_of_worship, uniq_ijyb,
          uniq_prince_ribbit1
D:8:      layout_layer_cave, minivault_11, chequers_serial_rivers_room_b

Skill      XL: |  1  2  3  4  5  6  7  8 |
---------------+-------------------------+-----
Fire Magic     | 4 5 6 7 |  7.0
Spellcasting   | 4 5 6 8 |  8.0
Stealth        | 3 4 |  4.7
Translocations | 3 |  3.6
Dodging        | 5 |  5.0
Conjurations   | 3 4 |  4.0
Ice Magic      | |  0.3

Action                     |  1- 3 |  4- 6 |  7- 9 || total
---------------------------+-------+-------+-------++-------
  Melee: Dagger            |     4 |       |       ||     4
   Cast: Foxfire           |    49 |    25 |    77 ||   151
         Scorch            |     4 |    18 |    36 ||    58
         Volatile Blastmot |     2 |     1 |     6 ||     9
 Invoke: Recite            |       |       |     1 ||     1
    Use: Scroll            |       |       |     1 ||     1
   Stab: Sleeping          |     1 |       |       ||     1
 Armour: Robe              |     2 |       |     3 ||     5
  Dodge: Dodged            |     8 |     1 |     8 ||    17

Table legend: (Time is in decaauts)
 A = Elapsed time spent in this place.
 B = Non-inter-level travel time spent in this place.
 C = Inter-level travel time spent in this place.
 D = Time resting spent in this place.
 E = Time spent auto-exploring this place.
 F = Levels seen in this place.
 G = Mean time per level.
                   A        B        C        D        E       F      G
               +--------+--------+--------+--------+--------+-----+--------+
         Total |   5128 |   5033 |     95 |    262 |   3897 |   6 |  854.7 |
       Dungeon |   5128 |   5033 |     95 |    262 |   3897 |   6 |  854.7 |
               +--------+--------+--------+--------+--------+-----+--------+

Top non-repeatable levels by time:
     D:5: 1472 daAuts
     D:3: 1180 daAuts
     D:4: 1126 daAuts
     D:1: 656 daAuts
     D:2: 545 daAuts
     D:8: 146 daAuts
